 Dungeon Crawl Stone Soup version 0.21-a0-216-g6d3fd91 (webtiles) character file.

59 tehllama the Insei (level 4, -5/28 HPs)
             Began as an Octopode Transmuter on Aug 23, 2017.
             Was an Initiate of Cheibriados.
             Slain by a gnoll
             ... wielding a +0 flail
              (6 damage)
             ... on level 3 of the Dungeon.
             The game lasted 00:02:32 (2607 turns).

tehllama the Insei (Octopode Transmuter)            Turns: 2607, Time: 00:02:34

Health: -5/28      AC:  2    Str: 11    XL:     4   Next: 3%
Magic:  5/7        EV: 20    Int: 22    God:    Cheibriados [......]
Gold:   73         SH:  0    Dex: 18    Spells: 1/7 levels left

rFire    . . .     SeeInvis .     - Unarmed
rCold    . . .     Gourm    .   (shield currently unavailable)
rNeg     . . .     Faith    .   (helmet currently unavailable)
rPois    x         Spirit   .   (no amulet)
rElec    .         Reflect  .   k - +6 ring of intelligence (curse)
rCorr    .         Harm     .   (no ring)
MR       .....                  (no ring)
Stlth    ++........             (no ring)
HPRegen  0.09/turn              (no ring)
MPRegen  0.10/turn              (no ring)
                                (no ring)
                                (no ring)

@: lethally poisoned (-5 -> -54), spider-form (expiring), slow
A: almost no armour, stealthy swim, (amphibious), 8 rings, (constrict 8)
a: End Transformation, Bend Time, Renounce Religion


You were on level 3 of the Dungeon.
You worshipped Cheibriados.
Cheibriados was noncommittal.
You were not hungry.
You were a venomous arachnid creature.
You visited 1 branch of the dungeon, and saw 3 of its levels.

You collected 73 gold pieces.

Inventory:

Missiles
 a - 12 arrows
Jewellery
 k - a cursed +6 ring of intelligence (left front leg)
Scrolls
 g - a scroll of blinking {unknown}
 l - a scroll of teleportation {unknown}
 m - a scroll of recharging {unknown}
Potions
 e - a potion of cancellation {unknown}
 h - 2 potions of mutation {unknown}
 j - 2 potions of curing {unknown}
Books
 b - a book of Changes

   Spells                             Type                      Level
   a - Beastly Appendage              Transmutation                1
   b - Sticks to Snakes               Transmutation                2
   c - Spider Form                    Transmutation/Poison         3
   d - Ice Form                       Ice/Transmutation            4
   e - Blade Hands                    Transmutation                5
Comestibles
 c - 2 bread rations
 d - a meat ration
 f - a royal jelly


   Skills:
 - Level 1.0 Fighting
 - Level 2.0 Dodging
 + Level 2.2 Stealth
 + Level 4.4 Unarmed Combat
 - Level 2.0 Spellcasting
 - Level 2.0 Transmutations


You had one spell level left.
You knew the following spells:

 Your Spells              Type           Power        Failure   Level  Hunger
a - Beastly Appendage     Tmut           ##....       17%         1    #......
b - Sticks to Snakes      Tmut           ##......     22%         2    ##.....
c - Spider Form           Tmut/Pois      #.........   47%         3    ###....


Dungeon Overview and Level Annotations

Branches:
Dungeon (3/15)

Altars:
Cheibriados
Dithmenos
Fedhas
Trog
Zin


Innate Abilities, Weirdness & Mutations

You cannot wear most types of armour.
You are very stealthy in the water. (Stealth+)
((You are amphibious.))
You can wear up to eight rings at the same time.
((You can use your tentacles to constrict eight enemies at once.))
((Your skin changes colour to match your surroundings (Stealth+).))
((Your rubbery body absorbs attacks. (AC +1, EV +1)))


Message History

Your transformation is almost over.
The gnoll shouts! x2; You hear a shout!
The gnoll hits you with a spear of venom.
You are poisoned.
The gnoll completely misses you. The gnoll closely misses you.
The gnoll hits you with a spear of venom!
You are more poisoned.
A gnoll comes into view. It is wielding a club.
You see here a chain mail.
You hit the gnoll.
The gnoll is poisoned.
The gnoll is moderately wounded.
You feel very sick. The gnoll misses you. The gnoll closely misses you.
You hit the gnoll but do no damage.
The gnoll looks as sick as possible!
The gnoll is moderately wounded.
You feel very sick. The gnoll closely misses you.
The gnoll hits you with a whip!
* * * LOW HITPOINT WARNING * * *
The gnoll hits you with a flail.
You die...

### ### #.. ..#
... #.#
#.##.####g###
#.##....ggg.#
#.# #s# #.# #.#
###.### #.#
#.._..#####.#
#.#.#.......#
####.#...#######
##....#####
##.###....# #.##
##(#.#


You could see 4 gnolls.

Vanquished Creatures
  A worm (D:2)
  2 dart slugs (D:1)
  A leopard gecko (D:1)
  4 giant cockroaches
  13 goblins
  7 hobgoblins
  3 quokkas (D:2)
  A ball python (D:1)
  4 bats
  A frilled lizard (D:2)
  3 kobolds
  7 rats
47 creatures vanquished.

Notes
Turn   | Place    | Note
-------+----------+-------------------------------------------
     0 | D:1      | tehllama the Octopode Transmuter began the quest for the Orb.
     0 | D:1      | Reached XP level 1. HP: 13/13 MP: 3/3
   338 | D:1      | Reached XP level 2. HP: 11/18 MP: 5/5
   773 | D:1      | Reached skill level 4 in Unarmed Combat
   779 | D:1      | Reached XP level 3. HP: 11/23 MP: 4/6
  1097 | D:1      | Reached skill level 1 in Stealth
  1264 | D:2      | Found a shadowy altar of Dithmenos.
  1491 | D:2      | HP: 1/23 [worm (10)]
  1997 | D:2      | Found a glowing silver altar of Zin.
  2033 | D:2      | Found a blossoming altar of Fedhas.
  2265 | D:2      | Found a bloodstained altar of Trog.
  2330 | D:2      | Reached XP level 4. HP: 21/28 MP: 7/7
  2564 | D:3      | Found a snail-covered altar of Cheibriados.
  2582 | D:3      | Became a worshipper of Cheibriados the Contemplative
  2586 | D:3      | Learned a level 2 spell: Sticks to Snakes
  2590 | D:3      | Learned a level 3 spell: Spider Form
  2607 | D:3      | HP: 1/28 [gnoll/whip (9)]
  2607 | D:3      | Slain by a gnoll

Vault maps used:
D:1:      saegor_arrival_miasma, minmay_tall_x
D:2:      zin_scriptorium, lightli_temple_of_fire, fedhas_altar_2,
          nicolae_dithmenos_shadow_blocks
D:3:      grunt_gozag_breadcrumbs, lemuel_crystal_altar, first_bread,
          chequers_ecumenical_altar_grove

Skill      XL: |  1  2  3 |
---------------+----------+-----
Unarmed Combat | 4 |  4.4
Stealth        | 2 |  2.2
Fighting       | |  1.0
Dodging        | |  2.0
Spellcasting   | |  2.0
Transmutations | |  2.0

Action                   |  1- 3 |  4- 6 || total
-------------------------+-------+-------++-------
Melee: Unarmed           |    93 |     3 ||    96
       Constrict         |    31 |       ||    31
       Tentacles         |    15 |       ||    15
       Punch             |     4 |       ||     4
       Kick              |     2 |       ||     2
 Cast: Beastly Appendage |     1 |       ||     1
       Spider Form       |       |     1 ||     1
 Stab: Sleeping          |     7 |     1 ||     8
       Distracted        |     1 |       ||     1
  Eat: Chunk             |     4 |     1 ||     5
Armor: Skin              |     8 |       ||     8
Dodge: Dodged            |    46 |     5 ||    51

Table legend:
 A = Spawn XP
 B = Non-spawn XP
 C = Spawn XP percentage of total XP
 D = Spawn monster count
 E = Non-spawn monster count
 F = Spawn count percentage of total count
 G = Total turns spent on level
                    A         B        C        D         E        F      G
               +---------+---------+-------+---------+---------+-------+---------
         Total |       5 |      80 |   5.9 |       4 |      43 |   8.5 |  2607
               +---------+---------+-------+---------+---------+-------+---------
           D:1 |       3 |      49 |   5.8 |       3 |      25 |  10.7 |  1231
           D:2 |       2 |      31 |   6.1 |       1 |      18 |   5.3 |  1308
               +---------+---------+-------+---------+---------+-------+---------
